 Dungeon Crawl Stone Soup version 0.29-a0-360-g8ed1089bbe (webtiles) character file.

Game seed: 14211452478574656665

144 HendSelp the Cudgeller (level 5, 0/48 (54) HPs)
             Began as an Ogre Gladiator on Apr 28, 2022.
             Slain by an orc
             ... wielding a +0 club
              (5 damage)
             ... on level 2 of the Dungeon.
             The game lasted 00:02:00 (3155 turns).

HendSelp the Cudgeller (Ogre Gladiator)             Turns: 3155, Time: 00:02:00

HP:   0/48 (54)     AC:  3    Str: 20    XL:     5   Next: 26%
MP:   5/5           EV: 10    Int:  9    God:
Gold: 182           SH:  0    Dex: 10    Spells: 4/4 levels left

rFire   . . .      SeeInvis .   a - +0 flail
rCold   . . .      Faith    .   (no shield)
rNeg    . . .      Spirit   .   b - +0 robe
rPois   .          Reflect  .   c - +0 hat
rElec   .          Harm     .   (no cloak)
rCorr   .          Rampage  .   (gloves unavailable)
Will    .....                   (boots unavailable)
Stlth   +.........              (no amulet)
HPRegen 0.16/turn               (no ring)
MPRegen 0.09/turn               (no ring)

@: heavily drained
A: large, unfitting armour, tough skin 1
a: no special abilities


You were on level 2 of the Dungeon.
You visited 1 branch of the dungeon, and saw 3 of its levels.

You collected 182 gold pieces.

Inventory:

Hand Weapons
 a - a +0 flail (weapon)
Missiles
 d - 3 throwing nets
 e - a large rock (quivered)
Armour
 b - a +0 robe (worn)
 c - a +0 hat (worn)
Potions
 f - 2 potions of mutation
 g - a potion of brilliance
 h - a potion of berserk rage {unknown}
 j - a potion of curing {unknown}


   Skills:
 + Level 4.1 Fighting
 + Level 4.8 Maces & Flails
 - Level 2.0 Throwing
 - Level 2.6 Dodging


You had 4 spell levels left.
You didn't know any spells.
Your spell library contained the following spells:

 Spells                   Type           Power      Damage    Failure   Level
 Sandblast                Erth           0%         2d4       38%         1
 Summon Small Mammal      Summ           0%         N/A       38%         1
 Passwall                 Tmut/Erth      0%         N/A       52%         2
 Call Canine Familiar     Summ           0%         N/A       77%         3
 Stone Arrow              Conj/Erth      0%         3d7       77%         3
 Summon Guardian Golem    Hex/Summ       0%         N/A       77%         3


Dungeon Overview and Level Annotations

Branches:
Dungeon (3/15)

Altars:

Annotations:
D:3 Robin


Innate Abilities, Weirdness & Mutations

You are too large for most types of armour.
You have tough skin. (AC +1)


Message History

You closely miss the quokka. The quokka closely misses you.
The orc hits you with a +0 club. The quokka closely misses you.
Unknown command.
Unknown command.
You closely miss the quokka. The quokka closely misses you.
The orc barely misses you.
Unknown command.
Unknown command.
You barely miss the quokka.
The quokka bites you but does no damage.
The orc hits you with a +0 club.
* * * LOW HITPOINT WARNING * * *
The quokka bites you.
* * * LOW HITPOINT WARNING * * *
Unknown command.
Unknown command.
You closely miss the quokka. The orc completely misses you.
The quokka bites you but does no damage.
Unknown command.
Unknown command.
You hit the quokka.
The quokka is moderately wounded.
The orc barely misses you.
The quokka bites you but does no damage.
The orc hits you but does no damage.
Unknown command.
Unknown command.
You closely miss the quokka.
The quokka is moderately wounded.
The quokka bites you.
* * * LOW HITPOINT WARNING * * *
The orc hits you with a +0 club.
* * * LOW HITPOINT WARNING * * *
The quokka misses you.
Unknown command.
Unknown command.
You hit the quokka but do no damage.
The quokka is moderately wounded.
The quokka barely misses you. The orc hits you with a +0 club.
You die...

#............#
#..........#.###
#......##......#
###.#....##....>.##
#........##.......#
#.#.####..........#
#.#g# #.##.......#
#.#r# #.......##.#
### #.#@#
####.##.##.# ..#
#.#o#######.##.##.#
..#
#.#o........##.##.#
..#
#.############....#
.## #.# #..###
.#############.######
#..#
....................#
#..#
..#######.#########.#
#..# #.# #.# #.# #..#


You could see 2 orcs, a quokka and a goblin.

Vanquished Creatures
  4 gnolls (D:2)
  3 adders (D:2)
  A worm (D:2)
  2 dart slugs
  An orc (D:2)
  7 endoplasms
  6 giant cockroaches
  8 goblins
  5 hobgoblins
  6 jackals
  9 kobolds
  2 quokkas
  4 ball pythons (D:1)
  2 bats (D:1)
  2 frilled lizards (D:1)
  7 rats
69 creatures vanquished.

Notes
Turn   | Place    | Note
-------+----------+-------------------------------------------
     0 | D:1      | HendSelp the Ogre Gladiator began the quest for the Orb.
     0 | D:1      | Reached XP level 1. HP: 22/22 MP: 1/1
   102 | D:1      | Reached XP level 2. HP: 29/29 MP: 2/2
   237 | D:1      | Reached XP level 3. HP: 13/37 MP: 3/3
  1525 | D:2      | Reached XP level 4. HP: 27/45 MP: 4/4
  2028 | D:2      | Reached XP level 5. HP: 46/54 MP: 5/5
  2694 | D:3      | Noticed Robin
  3155 | D:2      | Slain by an orc

Illustrated notes

Levels and vault maps discovered:
D:1:      wander_arrival_lonely_grave, layout_basic, minmay_vboxes
D:2:      layout_loops_ring
D:3:      layout_loops_cross, serial_glass, glass_columns_b, glass_columns_b,
          glass_columns_a, glass_columns_c, glass_columns_a, glass_columns_b,
          glass_columns_c, glass_columns_c,
          hellmonk_ecumenical_altar_crossroads, serial_shops, shop,
          uniq_sigmund, uniq_robin, uniq_ijyb

Skill      XL: |  1  2  3  4  5 |
---------------+----------------+-----
Maces & Flails | 3 4 |  4.8
Fighting       | 3 4 |  4.1
Throwing       | |  2.0
Dodging        | |  2.6

Action                   |  1- 3 |  4- 6 || total
-------------------------+-------+-------++-------
Melee: Flail             |   127 |    82 ||   209
       Punch             |       |     2 ||     2
Throw: Large rock        |       |     1 ||     1
       Throwing net      |       |     1 ||     1
  Use: Scroll            |     3 |     3 ||     6
 Stab: Sleeping          |     1 |       ||     1
Armor: Robe              |    42 |    14 ||    56
Dodge: Dodged            |    72 |    66 ||   138

Table legend: (Time is in decaauts)
 A = Elapsed time spent in this place.
 B = Non-inter-level travel time spent in this place.
 C = Inter-level travel time spent in this place.
 D = Time resting spent in this place.
 E = Time spent auto-exploring this place.
 F = Levels seen in this place.
 G = Mean time per level.
                   A        B        C        D        E       F      G
               +--------+--------+--------+--------+--------+-----+--------+
         Total |   3200 |   3154 |     46 |    528 |   2159 |   3 | 1066.7 |
       Dungeon |   3200 |   3154 |     46 |    528 |   2159 |   3 | 1066.7 |
               +--------+--------+--------+--------+--------+-----+--------+

Top non-repeatable levels by time:
     D:2: 1685 daAuts
     D:1: 1448 daAuts
     D:3: 67 daAuts
